 Dungeon Crawl Stone Soup version 0.31.0-12-g77e489cdc1 (webtiles) character file.

Game seed: 8392257564133806656

42470 Fodor the Severer (level 13, -8/123 HPs)
             Began as a Minotaur Fighter on Mar 3, 2024.
             Was an Initiate of Gozag.
             Killed from afar by a will-o-the-wisp (22 damage)
             ... with a foxfire
             ... on level 2 of the Abyss on Mar 4, 2024.
             The game lasted 00:56:29 (13442 turns).

Fodor the Severer (Minotaur Fighter)               Turns: 13442, Time: 00:56:30

Health: -8/123     AC: 34    Str: 25      XL:     13   Next: 85%
Magic:  12/12      EV:  8    Int:  4 (5)  God:    Gozag
Gold:   3578       SH:  0    Dex: 11      Spells: 12/12 levels left

rFire   . . .        N - +2 battleaxe
rCold   . . .        (shield currently unavailable)
rNeg    . . .        b - +5 plate armour
rPois   .            A - +2 hat
rElec   .            (no cloak)
rCorr   .            u - +4 pair of gloves of Weightlessness {Harm}
SInv    .            h - +0 pair of boots
Will    +....        k - amulet of regeneration Stlth
                     r - ring of willpower
HPRegen 1.20/turn    K - +4 ring of protection
MPRegen 0.13/turn

%: harm (+30% outgoing, +20% incoming)
@: about to teleport, gold aura
A: horns 2, retaliatory headbutt
a: Renounce Religion, Potion Petition, Call Merchant, Bribe Branch


You were on level 2 of the Abyss.
You worshipped Gozag.
Gozag was most pleased with you.
You visited 1 branch of the dungeon, and saw 15 of its levels.
You visited the Abyss 1 time.

You collected 4817 gold pieces.
You spent 784 gold pieces at shops.
You paid 455 gold pieces to Gozag.

Inventory:

Hand Weapons
 N - a +2 battleaxe (weapon)
 W - a +0 arbalest
Missiles
 q - 12 boomerangs (quivered)
Armour
 b - a +5 plate armour (worn)
 h - a +0 pair of boots (worn)
 u - the +4 pair of gloves of Weightlessness (worn) {Harm}
   (You acquired it on level 10 of the Dungeon)

   Harm:      It increases damage dealt and taken.
 A - a +2 hat (worn)
Jewellery
 f - a +4 ring of protection
 k - an amulet of regeneration (around neck)
 l - a ring of protection from fire
 p - a ring of flight
 r - a ring of willpower (left hand)
 F - a ring of magical power
 I - an amulet of magic regeneration
 K - a +4 ring of protection (right hand)
 L - a ring of fire
 Q - a +5 ring of evasion
 R - a ring of poison resistance
 S - a ring of magical power
Talismans
 T - a serpent talisman
Wands
 c - a wand of paralysis (5)
 E - a wand of flame (20)
 J - a wand of mindburst (10)
 P - a wand of quicksilver (13)
 U - a wand of polymorph (8)
 V - a wand of roots (5)
Scrolls
 d - a scroll of identify
 g - a scroll of revelation
 j - 3 scrolls of torment
 m - 4 scrolls of fog
 o - 4 scrolls of teleportation
 w - a scroll of silence
 x - 3 scrolls of noise
 y - 3 scrolls of amnesia
 z - 3 scrolls of fear
 G - 3 scrolls of immolation
 H - a scroll of summoning
 M - a scroll of vulnerability
Potions
 a - 2 potions of haste {unknown}
 e - 3 potions of invisibility {unknown}
 i - 4 potions of berserk rage
 n - 8 potions of enlightenment
 s - 6 potions of curing {unknown}
 t - 2 potions of attraction {unknown}
 v - 2 potions of degeneration
 B - a potion of mutation {unknown}
 C - 3 potions of heal wounds {unknown}
 D - a potion of lignification {unknown}


   Skills:
 + Level 13.7 Fighting
 - Level 20.0 Axes
 + Level 1.0 Ranged Weapons
 + Level 2.6 Throwing
 + Level 13.6 Armour
 + Level 2.6 Dodging
 + Level 2.8 Stealth
 + Level 7.2 Shields


You had 12 spell levels left.
You didn't know any spells.
Your spell library contained the following spells:

 Spells                   Type           Power      Damage    Failure   Level
 Apportation              Tloc           0%         N/A       99%         1
 Magic Dart               Conj           0%         1d3       99%         1
 Jinxbite                 Hex            0%         N/A       100%        2
 Dazzling Flash           Conj/Hex       0%         N/A       100%        3
 Frozen Ramparts          Ice            0%         1d1       100%        3
 Hailstorm                Conj/Ice       0%         3d5       100%        3
 Inner Flame              Hex/Fire       0%         N/A       100%        3
 Mephitic Cloud           Conj/Alch/Air  0%         N/A       100%        3
 Summon Ice Beast         Ice/Summ       0%         N/A       100%        3
 Dimensional Bullseye     Hex/Tloc       0%         N/A       100%        4
 Leda's Liquefaction      Alch/Erth      0%         N/A       100%        4
 Manifold Assault         Tloc           0%         N/A       100%        4
 Petrify                  Alch/Erth      0%         N/A       100%        4
 Alistair's Intoxication  Alch           0%         N/A       100%        5
 Borgnjor's Vile Clutch   Necr/Erth      0%         N/A       100%        5
 Curse of Agony           Necr           0%         N/A       100%        5
 Fireball                 Conj/Fire      0%         3d3       100%        5
 Irradiate                Conj/Alch      0%         3d11      100%        5
 Metabolic Englaciation   Hex/Ice        0%         N/A       100%        5
 Silence                  Hex/Air        0%         N/A       100%        5
 Summon Mana Viper        Hex/Summ       0%         N/A       100%        5
 Death Channel            Necr           0%         N/A       100%        6
 Dispersal                Tloc           0%         N/A       100%        6
 Enfeeble                 Hex            0%         N/A       100%        7
 Monstrous Menagerie      Summ           0%         N/A       100%        7
 Disjunction              Tloc           0%         N/A       100%        8
 Ignition                 Fire           0%         3d3       100%        8
 Animate Dead             Necr           Unusable   N/A       N/A         4

Dungeon Overview and Level Annotations

Branches:
Dungeon (15/15)            Temple (0/1) D:6            Lair (0/5) D:9
    Orc (0/2) D:9          Vaults (0/5) D:13
 Depths: D:15

Altars:
Cheibriados
Dithmenos
Fedhas
Gozag
Kikubaaqudgha
Makhleb
Okawaru
Ru
Sif Muna
Trog
Uskayaw
Wu Jian
Xom
Zin

Shops:
D:9 *

Annotations:
D:5 1 runed translucent door
D:9 2 transporters, jimmypageman's ghost, novice MiFi


Innate Abilities, Weirdness & Mutations

You have a pair of horns on your head.
You reflexively headbutt those who attack you in melee.


Message History

You enter the shallow water.
Moving in this stuff is going to be slow.
You recover from your berserk rage.
You start resting.
A deep elf elementalist comes into view.
It is wielding a +0 dagger.
You barely miss the deep elf elementalist.
You slice the deep elf elementalist!!
Your headbutt misses the deep elf elementalist.
The deep elf elementalist is heavily wounded.
You hear a chilling moan.
The deep elf elementalist casts a spell at the crystal wall.
The crystal wall shatters!
The blast of crystal shards hits you!!
* * * LOW HITPOINT WARNING * * *
You hear a bark! x2
Unknown command.
You barely miss the deep elf elementalist.
Your headbutt misses the deep elf elementalist.
The deep elf elementalist is heavily wounded.
The deep elf elementalist hits you but does no damage.
You slice the deep elf elementalist!!
You kill the deep elf elementalist!
You feel your dexterity returning.
You feel the corruption within you wane completely.
You no longer become unable to drink potions after taking damage.
You feel a little healthier.
You feel healthier.
Training target 20.0 for Axes reached!
Your Axes skill increases to level 20!
A will-o-the-wisp comes into view.
Things that are here:
5 gold pieces; a +0 dagger; a +0 ring mail A will-o-the-wisp is nearby!
The will-o-the-wisp gestures.
The will-o-the-wisp conjures some marshlight! 2 foxfires come into view.
As you read the scroll of teleportation, it crumbles to dust.
You feel strangely unstable.
You feel the power of the Abyss delaying your translocation!
The foxfire hits you!!
You die...
Your body crumbles into a pile of gold.

. .## #.### . .##
.## ## ..##
.#...######## ### #
. .......#..... ....
....
###......§~.........
........#.###...~
..h .#. ##..#§..##
## #### . .
#.##v#v.####
#....#v@## #...v#..#
# ..###.##.# #.##
#.. ## .. #.# .# .#
§. ..


You could see a will-o-the-wisp.

Vanquished Creatures
  Jorgrun (D:12)
  A tentacled starspawn (Abyss:2)
  A deep elf elementalist (Abyss:2)
  A catoblepas (D:12)
  Erica (D:10)
  3 two-headed ogres
  4 centaur warriors
  2 dancing weapons (D:13)
  5 boulder beetles
  A sixfirhy (Abyss:2)
  A wretched star (Abyss:2)
  An arcanist (D:14)
  Pikel (D:7)
  A deep elf pyromancer (D:13)
  An orc knight (D:14)
  2 manticores
  3 cyclopes (D:14)
  2 ugly things (D:13)
  A meliai (D:14)
  The ghost of Consumeair16 the Chopper, a novice MiBe of Zin (D:4)
  Joseph (D:7)
  A cane toad (shapeshifter) (D:14)
  2 gargoyles
  An unseen horror (shapeshifter) (D:14)
  2 komodo dragons
  A tengu conjurer (D:13)
  2 yaktaurs (D:15)
  A queen bee (shapeshifter) (D:15)
  A silent spectre (Abyss:2)
  A troll (shapeshifter) (D:14)
  4 trolls
  2 hornets
  12 slime creatures
  4 vampires
  8 shadows
  2 water elementals (D:14)
  A wyvern (D:10)
  Grum (D:11)
  6 wraiths
  9 yaks
  2 starcursed masses (Abyss:2)
  11 vampire mosquitoes
  A two-headed ogre zombie (D:9)
  3 acid dragons
  2 water moccasins (D:7)
  2 ice beasts
  Duvessa (D:7)
  3 laughing skulls (D:14)
  2 black bears (D:7)
  5 orc warriors
  5 wolves
  4 ogres
  10 centaurs
  10 phantoms
  2 kobold brigands
  6 scorpions
  4 wights (D:7)
  Dowan (D:7)
  2 troll zombies (D:9)
  6 killer bees (D:10)
  5 howler monkeys
  3 electric eels
  12 centaur zombies
  3 bombardier beetles
  2 jellies
  3 gnoll boudas
  8 hounds
  7 orc priests
  6 sleepcaps
  7 orc wizards
  3 iguanas
  5 scorpion zombies (D:7)
  3 killer bee zombies (D:7)
  5 ogre zombies (D:9)
  2 howler monkey zombies (D:11)
  11 gnolls
  12 adders
  8 shadow imps
  2 white imps
  2 dart slugs
  49 orcs
  4 bats
  6 endoplasms
  5 giant cockroaches
  6 gnoll zombies (D:9)
  4 goblins
  4 hobgoblins
  8 jackals
  19 kobolds
  4 quokkas
  A ball python (D:1)
  6 frilled lizards
  3 gnoll skeletons (D:9)
  3 orc skeletons (D:9)
  13 orc zombies (D:9)
  2 rats
  A starspawn tentacle (Abyss:2)
425 creatures vanquished.

Vanquished Creatures (others)
  A vampire (D:11)
  An acid dragon (D:14)
  An orc wizard (D:6)
  2 starspawn tentacles (Abyss:2)
5 creatures vanquished.

Grand Total: 430 creatures vanquished

Notes
Turn   | Place    | Note
-------+----------+-------------------------------------------
     0 | D:1      | Fodor the Minotaur Fighter began the quest for the Orb.
     0 | D:1      | Reached XP level 1. HP: 19/19 MP: 0/0
    84 | D:1      | Reached XP level 2. HP: 27/27 MP: 1/1
   103 | D:1      | Found a faded altar of an unknown god.
   553 | D:2      | Reached skill level 3 in Axes
   553 | D:2      | Reached XP level 3. HP: 33/33 MP: 2/2
  1252 | D:3      | Found a blossoming altar of Fedhas.
  1260 | D:3      | Reached XP level 4. HP: 32/41 MP: 3/3
  1454 | D:3      | Noticed an ogre
  1476 | D:3      | Killed an ogre
  1477 | D:3      | Reached skill level 4 in Axes
  1477 | D:3      | Reached XP level 5. HP: 47/47 MP: 4/4
  1523 | D:3      | Reached skill level 1 in Dodging
  1887 | D:3      | Found an opulent altar of Gozag.
  1887 | D:3      | Found an ancient bone altar of Kikubaaqudgha.
  1893 | D:3      | Became a worshipper of Gozag Ym Sagoz the Greedy
  2189 | D:4      | Found a shimmering altar of Xom.
  2189 | D:4      | Found a shadowy altar of Dithmenos.
  2332 | D:4      | Noticed a phantom
  2346 | D:4      | Killed a phantom
  2347 | D:4      | Reached skill level 5 in Axes
  2347 | D:4      | Reached skill level 5 in Armour
  2347 | D:4      | Reached XP level 6. HP: 55/55 MP: 5/5
  2424 | D:4      | Reached skill level 5 in Fighting
  2476 | D:4      | Found a runed translucent door.
  2496 | D:4      | Noticed Consumeair16's ghost (novice MiBe)
  2519 | D:4      | Killed Consumeair16's ghost
  2520 | D:4      | Reached skill level 6 in Axes
  2520 | D:4      | Reached skill level 1 in Stealth
  2520 | D:4      | Reached XP level 7. HP: 31/61 MP: 6/6
  2637 | D:4      | Reached skill level 7 in Axes
  2724 | D:4      | Found a glowing silver altar of Zin.
  3069 | D:5      | Entered Level 5 of the Dungeon
  3097 | D:5      | Reached skill level 5 in Shields
  3249 | D:5      | Reached XP level 8. HP: 67/69 MP: 7/7
  3345 | D:5      | Found a snail-covered altar of Cheibriados.
  3390 | D:5      | Found a hide-covered altar of Uskayaw.
  3448 | D:5      | Reached skill level 8 in Axes
  3600 | D:5      | Found a runed translucent door.
  4009 | D:6      | Reached skill level 9 in Axes
  4252 | D:6      | Found a staircase to the Ecumenical Temple.
  4366 | D:6      | Found a shimmering blue altar of Sif Muna.
  4555 | D:6      | Reached skill level 10 in Axes
  4555 | D:6      | Reached XP level 9. HP: 76/78 MP: 8/8
  4841 | D:7      | Noticed Duvessa
  4841 | D:7      | Noticed Dowan
  4841 | D:7      | Noticed Joseph
  4851 | D:7      | Killed Duvessa
  4852 | D:7      | Reached skill level 1 in Throwing
  4862 | D:7      | Killed Dowan
  4867 | D:7      | Killed Joseph
  4877 | D:7      | Reached skill level 11 in Axes
  5340 | D:7      | Noticed Pikel
  5361 | D:7      | Killed Pikel
  5545 | D:7      | Found a bloodstained altar of Trog.
  5630 | D:7      | Reached XP level 10. HP: 88/88 MP: 9/9
  5651 | D:7      | Reached skill level 12 in Axes
  5871 | D:7      | Got the Volume of Bewitchment and Injury
  5892 | D:7      | Identified 2 scrolls of acquirement
  6063 | D:8      | Found a sacrificial altar of Ru.
  6593 | D:8      | Identified the +0 leather armour of Aschit {rC+ Will- Int+4
                  | Slay+3}
  6665 | D:8      | Reached skill level 13 in Axes
  6729 | D:8      | Found an iron altar of Okawaru.
  6729 | D:8      | Found a burning altar of Makhleb.
  6879 | D:8      | Found an ornate altar of the Wu Jian Council.
  7257 | D:9      | Noticed a meliai
  7279 | D:9      | Noticed jimmypageman's ghost (novice MiFi)
  7280 | D:9      | Found a transporter.
  7284 | D:9      | Found a transporter.
  7406 | D:9      | Found a staircase to the Orcish Mines.
  7589 | D:9      | Noticed a two-headed ogre
  7600 | D:9      | Killed a two-headed ogre
  7601 | D:9      | Reached XP level 11. HP: 86/97 MP: 10/10
  7669 | D:9      | Reached skill level 14 in Axes
  7675 | D:9      | Found a staircase to the Lair.
  7972 | D:9      | Bought a scroll of fog for 64 gold pieces
  7972 | D:9      | Bought a scroll of vulnerability for 64 gold pieces
  7972 | D:9      | Bought a book of the Senses for 640 gold pieces
  7972 | D:9      | Bought a potion of degeneration for 16 gold pieces
  7989 | D:10     | Entered Level 10 of the Dungeon
  7996 | D:10     | Acquired 914 gold pieces
  8006 | D:10     | Acquired the +4 pair of gloves of Weightlessness {Harm}
  8043 | D:10     | Reached skill level 10 in Armour
  8391 | D:10     | Noticed Erica
  8404 | D:10     | Killed Erica
  8438 | D:10     | Reached skill level 15 in Axes
  8709 | D:11     | Reached skill level 10 in Fighting
  8752 | D:11     | Reached skill level 1 in Ranged Weapons
  8890 | D:11     | Noticed Grum
  8923 | D:11     | Killed Grum
  8930 | D:11     | Reached skill level 16 in Axes
  9005 | D:11     | Noticed a centaur warrior
  9019 | D:11     | Killed a centaur warrior
  9087 | D:11     | Noticed a boulder beetle
  9098 | D:11     | Killed a boulder beetle
  9099 | D:11     | Reached XP level 12. HP: 95/108 MP: 11/11
  9347 | D:11     | Noticed a boulder beetle
  9368 | D:11     | Killed a boulder beetle
  9369 | D:11     | Reached skill level 17 in Axes
  9969 | D:12     | Noticed Jorgrun
  9982 | D:12     | Killed Jorgrun
 10139 | D:12     | Noticed a catoblepas
 10163 | D:12     | Killed a catoblepas
 10558 | D:13     | Reached skill level 18 in Axes
 10560 | D:13     | Found a gate to the Vaults.
 10588 | D:13     | Noticed a two-headed ogre
 10596 | D:13     | Killed a two-headed ogre
 10796 | D:13     | Reached XP level 13. HP: 102/119 MP: 12/12
 11779 | D:14     | Reached skill level 19 in Axes
 12253 | D:14     | Identified the +1 scale mail of Fallacy {rPois rCorr Dex+2}
 13057 | D:15     | Entered Level 15 of the Dungeon
 13291 | Abyss:2  | Cast into level 2 of the Abyss (an occultist)
 13323 | Abyss:2  | Noticed a starcursed mass
 13399 | Abyss:2  | Noticed a tentacled starspawn
 13411 | Abyss:2  | HP: 2/122 [tentacled starspawn (28)]
 13413 | Abyss:2  | Killed a tentacled starspawn
 13432 | Abyss:2  | Noticed a deep elf elementalist
 13435 | Abyss:2  | HP: 6/123 [deep elf elementalist/blast of crystal shards
                  | (25)]
 13437 | Abyss:2  | Killed a deep elf elementalist
 13438 | Abyss:2  | Reached skill level 20 in Axes
 13442 | Abyss:2  | Killed from afar by a will-o-the-wisp

Illustrated notes

Levels and vault maps discovered:
D:1:      dpeg_arrival_rooms_a, layout_rooms,
          shapermc_ecumenical_altar_notcrosses, minmay_statues_item
D:2:      layout_basic
D:3:      layout_loops_ring, general_overflow_altar,
          nicolae_overflow_two_pavilions
D:4:      layout_basic, zin_statuary, grunt_temple_overflow_open,
          ebering_ghost_reflecting_pool
D:5:      layout_loops_ring, overflow_temple_1_default, marbit_many_paths,
          ebering_ghost_reflecting_pool, hellmonk_no_cap
D:6:      layout_basic, led_sif_book, minmay_temple_entry_arrows,
          minmay_curled_crystal
D:7:      bobbens_index_wilting_gardens, layout_rooms, bloody_trog, uniq_pikel,
          uniq_duvessa, uniq_joseph
D:8:      layout_loops_corners, nicolae_ru_awakened_eye,
          nzn_wu_jian_council_hall, gammafunk_temple_overflow_pools,
          hangedman_abyss_or_decor_slice
D:9:      layout_rooms, erik_lair_island, zombieorc2_lemuel,
          gammafunk_ghost_hive
D:10:     layout_roguey, special_room [special_room_orc], uniq_erica
D:11:     layout_basic, serial_undead, serial_undead_a, serial_undead_f,
          serial_undead_a, serial_undead_f, serial_undead_a, serial_undead_c,
          uniq_grum
D:12:     layout_big_octagon, grunt_ministairs_8, uniq_jorgrun
D:13:     layout_stronghold, erik_vaults_1
D:14:     minmay_bloctagon, layout_layer_cave, nicolae_water_bricks
D:15:     grunt_enter_depths_magical_seal, layout_long_grid,
          nicolae_trove_entry_path_of_doom, glass_columns_c,
          hangedman_decor_opposing
Abyss:2:  base: D:11, minivault_4, guppyfry_abyss_exit_glass_guarded

Skill      XL: |  1  2  3  4  5  6  7  8  9 10 11 12 13 |
---------------+----------------------------------------+-----
Armour         | 4 5 6 7 8 9 11 12 13 | 13.6
Fighting       | 4 5 6 7 9 10 12 13 | 13.7
Axes           | 3 4 5 6 7 10 11 13 16 18 20 | 20.0
Shields        | 4 5 6 7 |  7.2
Dodging        | 1 2 |  2.6
Stealth        | 1 2 |  2.8
Throwing       | 2 |  2.6
Ranged Weapons | 1 |  1.0

Action                     |  1- 3 |  4- 6 |  7- 9 | 10-12 | 13-15 || total
---------------------------+-------+-------+-------+-------+-------++-------
  Melee: War axe           |    64 |    91 |   274 |   168 |       ||   597
         Headbutt          |     6 |    16 |    51 |   131 |    43 ||   247
         Battleaxe         |       |       |       |   461 |   194 ||   655
   Fire: Shortbow          |       |       |       |     5 |       ||     5
  Throw: Boomerang         |       |       |    23 |       |       ||    23
 Invoke: Call Merchant     |       |       |       |     1 |       ||     1
    Use: Scroll            |       |       |       |    20 |     5 ||    25
         Potion            |       |       |       |     1 |     1 ||     2
   Stab: Distracted        |       |       |     2 |     5 |       ||     7
 Armour: Scale mail        |    58 |    21 |       |       |       ||    79
         Plate armour      |       |    62 |   224 |   728 |   269 ||  1283
  Dodge: Dodged            |    44 |    33 |    87 |   283 |    62 ||   509
  Block: Buckler           |    21 |    14 |    49 |    28 |       ||   112
